1880 views
Uploaded 2023-08-15 01:51:47
Game version 1.36 (6115)
19:34 long 1on1 custom game on (2)RoadToStratholme_LV
Game name "gaypo"
Saved by GIGA
1880 views
Uploaded 2023-08-15 01:51:47
Game version 1.36 (6115)
19:34 long 1on1 custom game on (2)RoadToStratholme_LV
Game name "gaypo"

33 units @ 4.8k
/ 0.4k
12 buildings @ 1.9k
/ 0.7k


| Healing Salve | 6 | 600 |
| Scroll of Speed | 1 | 50 |
| Lesser Clarity Potion | 2 | 140 |
| Potion of Mana | 1 | 200 |
| Orb of Lightning | 1 | 375 |
| Scroll of Healing | 2 | 500 |
| Potion of Lesser Invulnerability | 1 | 150 |
| total: | 14 | 2015g |
| Peon | 9 | 675 | / | 0 |
| Grunt | 9 | 1800 | / | 0 |
| Raider | 7 | 1260 | / | 280 |
| Shaman | 8 | 1040 | / | 160 |
| total: | 33 | 4775g | / | 440w |
| Altar of Storms | 1 | 180 | / | 50 |
| Orc Burrow | 6 | 960 | / | 240 |
| Barracks | 1 | 180 | / | 50 |
| Voodoo Lounge | 1 | 130 | / | 30 |
| War Mill | 1 | 205 | / | 0 |
| Spirit Lodge | 1 | 150 | / | 150 |
| Beastiary | 1 | 145 | / | 140 |
| Stronghold | 1 | 315 | / | 190 |
| Fortress | 1 | 325 | / | 190 |
| total: | 12 | 1950g | / | 660w |
| 0:03 | Altar of Storms |
| 0:05 | Peon |
| 0:05 | Peon |
| 0:09 | Orc Burrow |
| 0:14 | Peon |
| 0:26 | Peon |
| 0:39 | Barracks |
| 0:47 | Peon |
| 1:03 | Peon |
| 1:09 | Peon |
| 1:20 | Peon |
| 1:29 | Peon |
| 1:35 | Voodoo Lounge |
| 1:46 | Grunt |
| 2:04 | Wind Walk |
| 2:20 | Stronghold |
| 2:37 | Healing Salve |
| 2:38 | Scroll of Speed |
| 2:41 | Lesser Clarity Potion |
| 2:57 | Orc Burrow |
| 3:44 | War Mill |
| 4:00 | Critical Strike |
| 4:26 | Grunt |
| 4:28 | Grunt |
| 4:42 | Spirit Lodge |
| 4:44 | Beastiary |
| 4:46 | Orc Burrow |
| 5:47 | Grunt |
| 6:12 | Raider |
| 6:13 | Shaman |
| 6:51 | Hex |
| 7:24 | Ensnare |
| 7:24 | Raider |
| 7:25 | Shaman |
| 7:50 | Wind Walk |
| 7:55 | Shaman Adept Training |
| 8:00 | Shaman |
| 8:00 | Shaman Master Training |
| 8:04 | Healing Salve |
| 8:10 | Healing Salve |
| 8:27 | Orc Burrow |
| 8:52 | Healing Wave |
| 9:08 | Healing Salve |
| 9:10 | Potion of Mana |
| 9:27 | Orc Burrow |
| 9:29 | Reinforced Defenses |
| 9:31 | Berserker Strength |
| 9:32 | Raider |
| 11:18 | Critical Strike |
| 11:27 | Shaman |
| 11:27 | Shaman |
| 11:28 | Fortress |
| 11:29 | Raider |
| 12:55 | Shaman |
| 12:55 | Shaman |
| 12:56 | Shaman |
| 12:57 | Raider |
| 12:58 | Grunt |
| 12:58 | Grunt |
| 13:05 | Healing Salve |
| 13:29 | Steel Armor |
| 13:59 | Grunt |
| 14:16 | Steel Melee Weapons |
| 14:23 | Orb of Lightning |
| 14:27 | Healing Salve |
| 14:36 | Lesser Clarity Potion |
| 15:15 | Healing Wave |
| 15:43 | Raider |
| 15:43 | Raider |
| 15:45 | Grunt |
| 15:45 | Grunt |
| 16:04 | Critical Strike |
| 16:20 | Orc Burrow |
| 16:36 | Scroll of Healing |
| 16:36 | Scroll of Healing |
| 16:42 | Hex |
| 16:52 | Potion of Lesser Invulnerability |
| Right click | 1221 |
| Select | 467 |
| Select group | 344 |
| Build/train/purchase | 112 |
| Use ability | 73 |
| Misc. action | 51 |
| Assign group | 35 |
| Item give/drop | 5 |
| Chat | 4 |
| Esc | 3 |
| Remove unit | 1 |
45 units @ 5.9k
/ 0.4k
25 buildings @ 2.6k
/ 1.1k



| Scroll of Regeneration | 4 | 400 |
| Scroll of Town Portal | 3 | 1050 |
| Scroll of Healing | 2 | 500 |
| Potion of Lesser Invulnerability | 2 | 300 |
| Scroll of Protection | 1 | 150 |
| total: | 12 | 2400g |
| Peasant | 14 | 1050 | / | 0 |
| Footman | 15 | 2025 | / | 0 |
| Sorceress | 3 | 465 | / | 60 |
| Spell Breaker | 3 | 645 | / | 90 |
| Priest | 7 | 945 | / | 70 |
| Knight | 3 | 735 | / | 180 |
| total: | 45 | 5865g | / | 400w |
| Scout Tower | 6 | 180 | / | 120 |
| Arcane Tower | 4 | 280 | / | 200 |
| Guard Tower | 2 | 140 | / | 100 |
| Altar of Kings | 1 | 180 | / | 50 |
| Barracks | 2 | 320 | / | 120 |
| Farm | 10 | 800 | / | 200 |
| Arcane Vault | 1 | 130 | / | 30 |
| Lumber Mill | 1 | 120 | / | 0 |
| Town Hall | 1 | 385 | / | 205 |
| Blacksmith | 1 | 140 | / | 60 |
| Arcane Sanctum | 2 | 300 | / | 280 |
| Keep | 1 | 320 | / | 210 |
| Castle | 1 | 360 | / | 210 |
| total: | 25 | 2555g | / | 1065w |
| 0:04 | Peasant |
| 0:10 | Altar of Kings |
| 0:18 | Peasant |
| 0:21 | Barracks |
| 0:22 | Peasant |
| 0:35 | Farm |
| 0:37 | Peasant |
| 0:50 | Farm |
| 1:14 | Peasant |
| 1:22 | Footman |
| 1:26 | Footman |
| 1:32 | Scout Tower |
| 1:34 | Peasant |
| 1:47 | Footman |
| 1:50 | Peasant |
| 1:58 | Farm |
| 2:02 | Arcane Tower |
| 2:13 | Summon Water Elemental |
| 2:41 | Footman |
| 2:53 | Peasant |
| 3:07 | Brilliance Aura |
| 3:28 | Footman |
| 3:34 | Keep |
| 3:48 | Arcane Vault |
| 3:53 | Farm |
| 4:07 | Lumber Mill |
| 4:30 | Footman |
| 4:39 | Footman |
| 4:56 | Farm |
| 5:05 | Footman |
| 5:06 | Defend |
| 5:12 | Summon Water Elemental |
| 5:28 | Scroll of Regeneration |
| 5:57 | Arcane Sanctum |
| 7:16 | Sorceress |
| 7:17 | Spell Breaker |
| 7:18 | Sorceress |
| 7:21 | Scroll of Regeneration |
| 7:23 | Scroll of Town Portal |
| 7:27 | Storm Bolt |
| 7:43 | Footman |
| 7:53 | Priest |
| 8:08 | Peasant |
| 8:08 | Peasant |
| 8:28 | Priest |
| 8:51 | Town Hall |
| 8:54 | Scout Tower |
| 8:56 | Scout Tower |
| 9:02 | Priest |
| 9:04 | Farm |
| 9:05 | Farm |
| 9:07 | Priest Adept Training |
| 9:07 | Priest |
| 9:37 | Potion of Lesser Invulnerability |
| 10:22 | Scroll of Healing |
| 10:28 | Bash |
| 10:58 | Footman |
| 10:58 | Footman |
| 11:03 | Scroll of Town Portal |
| 11:06 | Scroll of Regeneration |
| 11:17 | Arcane Tower |
| 11:18 | Guard Tower |
| 11:18 | Peasant |
| 11:19 | Peasant |
| 11:33 | Brilliance Aura |
| 11:40 | Castle |
| 11:41 | Improved Masonry |
| 12:02 | Scout Tower |
| 12:43 | Arcane Tower |
| 12:45 | Scout Tower |
| 12:45 | Footman |
| 12:46 | Priest |
| 12:47 | Spell Breaker |
| 13:04 | Scout Tower |
| 13:18 | Priest |
| 13:20 | Arcane Sanctum |
| 13:30 | Scroll of Regeneration |
| 13:36 | Guard Tower |
| 13:37 | Arcane Tower |
| 13:45 | Footman |
| 13:48 | Barracks |
| 14:03 | Priest Master Training |
| 14:11 | Footman |
| 14:22 | Footman |
| 14:37 | Blacksmith |
| 14:42 | Peasant |
| 14:42 | Peasant |
| 14:48 | Storm Bolt |
| 15:24 | Holy Light |
| 15:46 | Priest |
| 15:48 | Knight |
| 15:50 | Farm |
| 15:51 | Farm |
| 15:52 | Farm |
| 16:06 | Sorceress |
| 16:15 | Knight |
| 16:25 | Iron Plating |
| 16:31 | Animal War Training |
| 16:51 | Knight |
| 17:03 | Iron Forged Swords |
| 17:28 | Potion of Lesser Invulnerability |
| 17:28 | Scroll of Healing |
| 17:29 | Scroll of Protection |
| 18:08 | Spell Breaker |
| 18:15 | Scroll of Town Portal |
| 19:09 | Summon Water Elemental |
| Right click | 1171 |
| Select group | 610 |
| Select | 432 |
| Misc. action | 152 |
| Build/train/purchase | 129 |
| Assign group | 55 |
| Use ability | 23 |
| Esc | 5 |
| Item give/drop | 4 |
| Remove unit | 2 |